cohdb
Replays
Latest Replays
All Replays
Popular Replays
Top Player Replays
Match Explorer
How It Works
Community
CoH3 Stats
Reddit
Sign in to upload your games and track your stats! →
Sign in with Steam
Match 41890971
Unlisted
Match 41890971
Overview
Messages
Build Orders
End
Construct Barracks
Riflemen Squad
Engineer Squad
Riflemen Squad
M1 Mortar Team
Grenade Package
Construct Medical Station
Riflemen Squad
Mechanized Support Center
Construct Motor Pool
Construct Weapon Support Center
M1919 Machine Gun Team
Construct Motor Pool
Scout Squad
M16 Multiple Gun Motor Carriage
M1918 Browning Automatic Rifles
M3 Armored Personnel Carrier
Engineer Squad
Construct Tank Depot
Forward Retreat Point
Riflemen Squad
Designate Forward Repair Station
M1 Anti-tank Gun Team
M4A1 Sherman Medium Tank
Engineer Squad
Selects Armored Battlegroup
Selects Veteran Crews
Selects Strength in Steel
M4A1 Sherman Medium Tank
Riflemen Squad
Riflemen Squad
Bazooka Squad
Bran
Dillbro
One-Ball John
Gen. Eisenhower
0
0
Comments
sign in to comment!
No comments posted yet!